 Dungeon Sprint DCSS version 0.27-a0-29-g2d0a2396b0 (webtiles) character file.

Game seed: 15008148869507985541

2001 iamoutofideas the Imperceptible (level 9, -3/45 HPs)
             Began as a Spriggan Brigand on Jan 4, 2021.
             Was an Initiate of Gozag.
             Shot with an arrow by a centaur warrior (16 damage)
             ... in the Dungeon (Sprint III: "The Ten Rune Challenge").
             The game lasted 00:02:31 (434 turns).

iamoutofideas the Imperceptible (Spriggan Brigand)   Turns: 434, Time: 00:02:32

Health: -3/45      AC:  5    Str:  7    XL:     9   Next: 2%
Magic:  12/16      EV: 19    Int: 15    God:    Gozag
Gold:   522        SH:  0    Dex: 20    Spells: 13/16 levels left

rFire    . . .     SeeInvis +   a - +2 dagger
rCold    . . .     Faith    .   (shield restricted)
rNeg     . . .     Spirit   .   u - +2 robe {Will+}
rPois    .         Reflect  .   (helmet restricted)
rElec    .         Harm     .   c - +0 cloak
rCorr    .         Rampage  .   (gloves unavailable)
Will     ++...     NoTele   +   (boots unavailable)
Stlth    +++++++++.             (no amulet)
HPRegen  0.15/turn              (no ring)
MPRegen  0.15/turn              (no ring)

@: confusing touch, gold aura, very quick
A: very small, unfitting armour, talons 1, see invisible, clever 1, speed 3
a: Renounce Religion, Potion Petition, Call Merchant, Bribe Branch


You were in the Dungeon.
You worshipped Gozag.
Gozag was pleased with you.
You visited 1 branch You collected 522 gold pieces.

Inventory:

Hand Weapons
 a - a +2 dagger (weapon)
 v - a +3 scimitar of flaming
Missiles
 d - 8 poisoned darts
 e - 2 curare-tipped darts (quivered)
Armour
 b - a +0 robe
 c - a +0 cloak (worn)
 u - a +2 robe of willpower (worn)
Wands
 t - a wand of iceblast (8)
Scrolls
 l - a scroll of torment {unknown}
 m - 2 scrolls of identify {unknown}
 n - 3 scrolls of remove curse
 q - a scroll of immolation {unknown}
Potions
 h - a potion of haste
 i - 2 potions of magic
 j - a potion of berserk rage
 o - 2 potions of flight
 p - 4 potions of mutation
 r - a potion of might
Miscellaneous
 s - a condenser vane


   Skills:
 + Level 4.2 Fighting
 + Level 7.5 Short Blades
 - Level 5.0 Throwing
 + Level 3.2 Dodging
 + Level 23.5 Stealth
 * Level 4.1 Spellcasting
 * Level 4.1 Hexes


You had 13 spell levels left.
You knew the following spells:

 Your Spells              Type           Power        Failure   Level
a - Confusing Touch       Hex            15%          10%         3

Your spell library contained the following spells:

 Spells                   Type           Power        Failure   Level
 Gell's Gravitas          Tloc           1%           47%         3
 Petrify                  Tmut/Erth      3%           87%         4
 Metabolic Englaciation   Hex/Ice        4%           91%         5
 Yara's Violent Unravell  Hex/Tmut       4%           91%         5


Dungeon Overview and Level Annotations

Branches:
Dungeon (1/1)

Altars:
Cheibriados
Dithmenos
Elyvilon
Fedhas
Gozag
Hepliaklqana
Kikubaaqudgha
Makhleb
Nemelex Xobeh
Okawaru
Qazlal
Ru
Sif Muna
Trog
Uskayaw
Vehumet
Wu Jian
Xom
Yredelemnul
Zin
The Shining One
Beogh
Jiyva
Lugonu


Innate Abilities, Weirdness & Mutations

You are very small and have problems with some larger weapons.
You are too small for most types of armour.
You have supernaturally acute eyesight. (SInv)
You cover ground extremely quickly.
You have sharp toenails.
Your mind is acute. (Int +2)


Message History

You hit the centaur warrior but do no damage.
Your kick misses the centaur warrior. The centaur warrior hits you.
* * * LOW HITPOINT WARNING * * *
The centaur hits you but does no damage.
Unknown command.
You feel better. The centaur warrior hits you! The centaur hits you.
* * * LOW HITPOINT WARNING * * *
The centaur warrior barely misses you.
Unknown command.
You feel better. The centaur hits you.
* * * LOW HITPOINT WARNING * * *
The centaur warrior closely misses you. The centaur misses you.
Unknown command.
Blink to where?
Press: ? - help, Dir - move target
As you read the scroll of blinking, it crumbles to dust.
The centaur warrior wields a +0 shortbow.
The centaur warrior shoots an arrow.
The arrow hits you!
You die...
Your body crumbles into a pile of gold.

####### $ $$ $
___#__# $$ $ $ $
__)#._# $ +###'## $
......# $ $ ......#$
$ $ #####'#$ $ $ $
__#...#+#############
__#...#.§§§≈§§#.@...+
__#...#.#§≈§#§#.#...#
__#...'.#§§§#.#.#§..#
__'...#.#§§§#...#cc.#
▓▓▓▓▓▓▓▓▓▓▓▓▓▓▓▓▓▓▓▓#


You could see a centaur warrior and a centaur.

Vanquished Creatures
  Erica (D)
  A deep elf mage (D)
  A shadow (D)
  A spatial vortex (D)
  A necrophage (D)
  A centaur (D)
  An earth elemental (D)
  A water elemental (D)
  A jelly (D)
  A wizard (D)
  A necromancer (D)
  A kobold demonologist (D)
  3 humans (D)
  An ooze (D)
  A phantom (D)
  3 rats (D)
20 creatures vanquished.

Notes
Turn   | Place    | Note
-------+----------+-------------------------------------------
     0 | D        | iamoutofideas the Spriggan Brigand began the quest for the
                  | Orb.
     0 | D        | Reached XP level 1. HP: 10/10 MP: 2/2
    11 | D        | Reached skill level 6 in Stealth
    13 | D        | Reached skill level 7 in Stealth
    56 | D        | Reached skill level 8 in Stealth
    56 | D        | Reached XP level 2. HP: 15/15 MP: 3/3
    60 | D        | Reached skill level 10 in Stealth
    60 | D        | Reached XP level 3. HP: 18/18 MP: 4/4
    72 | D        | Gained mutation: You have sharp toenails. [potion of
                  | mutation]
    72 | D        | Gained mutation: Your mind is acute. (Int +2) [potion of
                  | mutation]
    77 | D        | Noticed a water elemental
    80 | D        | Killed a water elemental
    81 | D        | Reached skill level 12 in Stealth
    81 | D        | Reached XP level 4. HP: 23/23 MP: 5/5
    86 | D        | Found a hide-covered altar of Uskayaw.
    86 | D        | Found a roughly hewn altar of Beogh.
    86 | D        | Found an iron altar of Okawaru.
    86 | D        | Found a bloodstained altar of Trog.
    86 | D        | Found an ornate altar of the Wu Jian Council.
    86 | D        | Noticed a human
    87 | D        | Noticed a human
    89 | D        | Killed a human
    90 | D        | Reached skill level 15 in Stealth
    90 | D        | Reached XP level 5. HP: 27/27 MP: 6/6
    90 | D        | Killed a human
    91 | D        | Reached skill level 5 in Short Blades
    91 | D        | Reached skill level 17 in Stealth
    91 | D        | Reached XP level 6. HP: 32/32 MP: 7/7
   108 | D        | Noticed a shadow
   121 | D        | Killed a shadow
   122 | D        | Reached skill level 19 in Stealth
   122 | D        | Reached XP level 7. HP: 36/36 MP: 8/8
   259 | D        | Found a blossoming altar of Fedhas.
   259 | D        | Found a stormy altar of Qazlal.
   259 | D        | Found a snail-covered altar of Cheibriados.
   259 | D        | Found a burning altar of Makhleb.
   259 | D        | Found a shimmering altar of Xom.
   260 | D        | Found a hazy altar of Hepliaklqana.
   260 | D        | Found an opulent altar of Gozag.
   260 | D        | Found a sparkling altar of Nemelex Xobeh.
   260 | D        | Found a corrupted altar of Lugonu.
   260 | D        | Found a viscous altar of Jiyva.
   260 | D        | Noticed a spatial vortex
   264 | D        | Killed a spatial vortex
   270 | D        | Became a worshipper of Gozag Ym Sagoz the Greedy
   286 | D        | Found a basalt altar of Yredelemnul.
   286 | D        | Found a shadowy altar of Dithmenos.
   286 | D        | Found a sacrificial altar of Ru.
   289 | D        | Reached skill level 20 in Stealth
   303 | D        | Found a glowing silver altar of Zin.
   303 | D        | Found a glowing golden altar of the Shining One.
   303 | D        | Found a white marble altar of Elyvilon.
   304 | D        | Noticed a deep elf mage
   306 | D        | Killed a deep elf mage
   307 | D        | Reached skill level 5 in Throwing
   307 | D        | Reached skill level 21 in Stealth
   307 | D        | Reached XP level 8. HP: 42/42 MP: 9/9
   321 | D        | Found a radiant altar of Vehumet.
   321 | D        | Found a shimmering blue altar of Sif Muna.
   321 | D        | Found an ancient bone altar of Kikubaaqudgha.
   326 | D        | Reached skill level 22 in Stealth
   341 | D        | Learned a level 3 spell: Confusing Touch
   361 | D        | Noticed Erica
   364 | D        | Killed Erica
   365 | D        | Reached skill level 23 in Stealth
   422 | D        | Noticed a centaur warrior
   425 | D        | Reached XP level 9. HP: 45/45 MP: 14/16
   434 | D        | Shot with an arrow by a centaur warrior

Illustrated notes

Levels and vault maps discovered:
D:        dungeon_sprint_mu [sprint_mu_entry_cave, sprint_mu_temple_rooms,
          sprint_mu_d1_horrors, sprint_mu_d2_genie, sprint_mu_d3_branching,
          sprint_mu_orc_legion, sprint_mu_elf_gauntlet, sprint_mu_hive_nellie,
          sprint_mu_lair_fedhas, sprint_mu_vaults_butterflies,
          sprint_mu_slime_circle, sprint_mu_shoals_archi,
          sprint_mu_snake_twists, sprint_mu_blade_basic,
          sprint_mu_crypt_chambers, sprint_mu_tomb_spiral,
          sprint_mu_vestibule_basic, sprint_mu_gehenna_hellfire,
          sprint_mu_dis_giant, sprint_mu_tartarus_statrot,
          sprint_mu_cocytus_islands, sprint_mu_zot1]

Skill      XL: |  1  2  3  4  5  6  7  8 |
---------------+-------------------------+-----
Stealth        | 8 10 12 15 17 19 21 23 | 23.5
Fighting       | 2 3 4 |  4.2
Short Blades   | 3 4 5 6 7 |  7.5
Throwing       | 3 4 5 |  5.0
Dodging        | 2 3 |  3.2
Spellcasting   | 4 |  4.1
Hexes          | 4 |  4.1

Action                   |  1- 3 |  4- 6 |  7- 9 || total
-------------------------+-------+-------+-------++-------
Melee: Dagger            |     7 |    12 |    15 ||    34
       Kick              |       |     3 |     3 ||     6
Throw: Dart              |       |     1 |       ||     1
 Cast: Confusing Touch   |       |       |     1 ||     1
  Use: Potion            |     1 |     1 |     3 ||     5
       Scroll            |       |       |     1 ||     1
 Stab: Sleeping          |     7 |     2 |     9 ||    18
Armor: Robe              |       |       |     1 ||     1
Dodge: Dodged            |       |     3 |    11 ||    14

Table legend: (Time is in decaauts)
 A = Elapsed time spent in this place.
 B = Non-inter-level travel time spent in this place.
 C = Inter-level travel time spent in this place.
 D = Time resting spent in this place.
 E = Time spent auto-exploring this place.
 F = Levels seen in this place.
 G = Mean time per level.
                   A        B        C        D        E       F      G
               +--------+--------+--------+--------+--------+-----+--------+
         Total |    350 |    343 |      7 |    145 |      0 |   1 |  350.0 |
       Dungeon |    350 |    343 |      7 |    145 |      0 |   1 |  350.0 |
               +--------+--------+--------+--------+--------+-----+--------+

Top non-repeatable levels by time:
       D: 350 daAuts
